 Dungeon Crawl Stone Soup version 0.28.0 (webtiles) character file.

Game seed: 728773835889778640

37 shoop the Sneak (level 3, -3/15 HPs)
             Began as a Felid Transmuter on Feb 15, 2022.
             Slain by a scorpion (5 damage)
             ... on level 4 of the Dungeon.
             The game lasted 00:04:36 (2040 turns).

shoop the Sneak (Felid Transmuter)                  Turns: 2040, Time: 00:04:36

Health: -3/15      AC:  1    Str:  8    XL:     3   Next: 23%
Magic:  7/7        EV: 17    Int: 14    God:
Gold:   144        SH:  0    Dex: 16    Spells: 2/6 levels left
                                        Lives:  0   Deaths: 0

rFire   . . .      SeeInvis +     - Unarmed
rCold   . . .      Faith    .   (shield unavailable)
rNeg    . . .      Spirit   .   (armour unavailable)
rPois   .          Reflect  .   (helmet unavailable)
rElec   .          Harm     .   (cloak unavailable)
rCorr   .          Rampage  .   (gloves unavailable)
Will    .....                   (boots unavailable)
Stlth   +++.......              (no amulet)
HPRegen 0.05/turn               (no ring)
MPRegen 0.10/turn               (no ring)

@: brilliant, lethally poisoned (-3 -> -7), weak-willed, quick
A: very small, claws 1, fangs 3, see invisible, speed 1, shaggy fur 1, stealthy
paws, no weapons or thrown items, no armour, multi-lived
a: no special abilities


You were on level 4 of the Dungeon.
You visited 1 branch of the dungeon, and saw 4 of its levels.

You collected 144 gold pieces.

Inventory:

Wands
 i - a wand of iceblast (11)
Scrolls
 a - a scroll of identify {unknown}
 b - a scroll of enchant weapon {unknown}
 e - a scroll of vulnerability
 g - a scroll of fog {unknown}
 j - a scroll of teleportation {unknown}
 k - a scroll of magic mapping {unknown}
Potions
 d - a potion of attraction {unknown}
 h - a potion of curing {unknown}


   Skills:
 - Level 1.0 Fighting
 + Level 2.8 Dodging
 - Level 4.0 Stealth
 - Level 3.0 Unarmed Combat
 - Level 2.0 Spellcasting
 - Level 2.1 Transmutations
 + Level 0.2 Poison Magic
 + Level 0.3 Evocations


You had 2 spell levels left.
You knew the following spells:

 Your Spells              Type           Power      Damage    Failure   Level
a - Beastly Appendage     Tmut           22%        N/A       10%         1
b - Spider Form           Tmut/Pois      7%         N/A       41%         3

Your spell library contained the following spells:

 Spells                   Type           Power      Damage    Failure   Level
 Wereblood                Tmut           11%        N/A       14%         2
 Dazzling Flash           Conj/Hex       4%         N/A       56%         3
 Ice Form                 Ice/Tmut       6%         N/A       83%         4
 Agony                    Necr           2%         N/A       100%        5
 Silence                  Hex/Air        1%         N/A       100%        5


Dungeon Overview and Level Annotations

Branches:
Dungeon (4/15)
 Temple: D:4-7

Altars:
Gozag

Shops:
D:1 (=   D:2 =

Annotations:
D:2 1 runed translucent door, Crazy Yiuf
D:3 exclusions: iguana, orc and water moccasin


Innate Abilities, Weirdness & Mutations

You have sharp claws.
You have razor-sharp teeth.
You have supernaturally acute eyesight. (SInv)
You cover ground quickly. (Speed+)
You are covered in fur. (AC +1)
Your paws help you pounce on unaware monsters.
You are incapable of wielding weapons or throwing items.
You cannot wear armour.
You gain extra lives every three experience levels.


Message History

k - a scroll labelled COIKINTOUN
Things that are here:
a +0 hand axe; a +0 scale mail; an orc corpse Your horns disappear.
An adder comes into view.
Things that are here:
a +0 hand axe; a +0 scale mail; an orc corpse
There is a stone staircase leading down here.
You climb downwards.
The hobgoblin shouts!
Found a ring of see invisible.
There is a stone staircase leading up here.
You open the door.
An orc, a hound skeleton, a scorpion, a worm and an adder come into view.
You close the door.
A quokka comes into view.
Okay, then.
Unknown command.
As you read the scroll labelled DEF WEPOIG, it crumbles to dust.
Magic quickly surges around you.
It was a scroll of vulnerability.
Okay, then.
Unknown command.
The hobgoblin misses you. The quokka misses you. The scorpion stings you.
You are lethally poisoned!
The scorpion poisons you!
You feel very sick.
You feel sick. The quokka misses you.
An endoplasm comes into view.
You feel sick.
It was a potion of brilliance.
You feel clever all of a sudden.
* * * LOW HITPOINT WARNING * * *
You feel sick.
The endoplasm quivers.
The quokka misses you. The scorpion misses you.
It was a potion of magic.
Magic courses through your body.
* * * LOW HITPOINT WARNING * * *
You feel sick. The quokka barely misses you. The scorpion stings you.
You die... .. ##+## oZ.

##...## ##s.w
##.....## ...S
##.......##...# .##
#.....=...#...###
....+.........+......
........s....<#
###...@r....##
#....g...##
#.......## ####J#+##
#.. #.. #.. ....


You could see a scorpion (weak-willed), an endoplasm, a quokka (weak-willed) and
a hobgoblin (weak-willed).

Vanquished Creatures
  An adder (D:2)
  2 orcs (D:3)
  2 ball pythons
  4 endoplasms
  A giant cockroach (D:2)
  3 goblins (D:1)
  A hobgoblin (D:3)
  4 kobolds
  3 bats
  2 frilled lizards (D:2)
  4 rats
27 creatures vanquished.

Notes
Turn   | Place    | Note
-------+----------+-------------------------------------------
     0 | D:1      | shoop the Felid Transmuter began the quest for the Orb.
     0 | D:1      | Reached XP level 1. HP: 9/9 MP: 4/4
    14 | D:1      | Found Rac Curi's Antique Weapon Emporium.
    47 | D:1      | Reached skill level 1 in Stealth
    68 | D:1      | Reached skill level 2 in Stealth
   240 | D:1      | Found Ceupnome's Jewellery Shop.
   340 | D:1      | Reached XP level 2. HP: 11/12 MP: 4/6
   882 | D:2      | Reached skill level 3 in Stealth
  1141 | D:2      | Found Batil's Jewellery Shop.
  1336 | D:2      | Reached skill level 4 in Stealth
  1360 | D:2      | Found a runed translucent door.
  1361 | D:2      | Noticed Crazy Yiuf
  1670 | D:3      | Noticed a water moccasin
  1716 | D:3      | Found an opulent altar of Gozag.
  1753 | D:3      | Reached XP level 3. HP: 15/15 MP: 7/7
  1757 | D:3      | Learned a level 3 spell: Spider Form
  2029 | D:4      | Noticed a scorpion
  2030 | D:4      | Noticed a scorpion
  2040 | D:4      | Slain by a scorpion

Illustrated notes

Levels and vault maps discovered:
D:1:      scummos_arrival_checkerplants, layout_basic, serial_shops,
          nicolae_shop_hallway_plus, shop, chequers_jeans,
          amcnicky_mini_pool_small
D:2:      layout_loops_cross, serial_shops, shop, patterned_corridor,
          uniq_crazy_yiuf_cottage
D:3:      layout_basic, amcnicky_altar_gilded,
          dreamdust_ecumenical_altar_statues, kennysheep_orc_chapel
D:4:      due_chaos_kobolds, layout_loops_corners,
          nicolae_hepliaklqana_monster_ancestors, minivault_24,
          minmay_ruined_shrine, uniq_robin, uniq_grinder, uniq_blork_the_orc

Skill      XL: |  1  2 |
---------------+-------+-----
Stealth        | 2 4 |  4.0
Fighting       | |  1.0
Dodging        | |  2.8
Unarmed Combat | |  3.0
Spellcasting   | |  2.0
Transmutations | |  2.1
Poison Magic   | |  0.2
Evocations     | |  0.3

Action                   || total
-------------------------++-------
Melee: Unarmed           ||    50
       Headbutt          ||     5
       Bite              ||     2
 Cast: Beastly Appendage ||     8
  Use: Potion            ||     2
       Scroll            ||     1
 Stab: Sleeping          ||    12
Armor: Skin              ||     2
Dodge: Dodged            ||    33
